 Dungeon Crawl Stone Soup version 0.30.0-10-gfe55d96785 (webtiles) character file.

Game seed: 8999323530795935779

14 Spionbil2 the Sneak (level 2, 22/22 HPs)
             Began as a Draconian Enchanter on May 15, 2023.
             Quit the game on level 1 of the Dungeon on May 16, 2023.
             The game lasted 00:03:08 (477 turns).

Spionbil2 the Sneak (Draconian Enchanter)            Turns: 477, Time: 00:03:09

Health: 22/22      AC:  4    Str: 10    XL:     2   Next: 31%
Magic:  5/5        EV: 12    Int: 15    God:
Gold:   14         SH:  0    Dex: 11    Spells: 3/5 levels left

rFire   . . .        a - +1 dagger
rCold   . . .        (no shield)
rNeg    . . .        (body armour unavailable)
rPois   .            (helmet restricted)
rElec   .            (no cloak)
rCorr   .            (no gloves)
SInv    .            (no boots)
Will    .....        (no amulet)
Stlth   ++           (no ring)
HPRegen 0.23/turn    (no ring)
MPRegen 0.09/turn

%: no passive effects
@: no status effects
A: AC +4, unfitting armour, cold-blooded
a: no special abilities


You were on level 1 of the Dungeon.
You visited 1 branch of the dungeon, and saw 1 of its levels.

You collected 14 gold pieces.

Inventory:

Hand Weapons
 a - a +1 dagger (weapon)
Magical Staves
 e - a staff of fire
Scrolls
 d - 2 scrolls of identify {unknown}
 f - a scroll of teleportation {unknown}
 g - a scroll of vulnerability {unknown}
Potions
 b - 2 potions of invisibility
 c - a potion of curing {unknown}
 h - a potion of berserk rage {unknown}
 i - a potion of resistance {unknown}


   Skills:
 * Level 0.3 Fighting
 + Level 1.1 Short Blades
 + Level 1.9 Dodging
 + Level 2.9 Stealth
 + Level 2.2 Spellcasting
 + Level 2.9 Hexes


You had 3 spell levels left.
You knew the following spells:

 Your Spells              Type           Power      Damage    Failure   Level
a - Ensorcelled Hibernat  Hex/Ice        12%        N/A       19%         2

Your spell library contained the following spells:

 Spells                   Type           Power      Damage    Failure   Level
 Confusing Touch          Hex            10%        N/A       21%         3
 Tukima's Dance           Hex            10%        N/A       21%         3
 Dazzling Flash           Conj/Hex       12%        N/A       34%         3
 Portal Projectile        Hex/Tloc       12%        N/A       34%         3
 Blade Hands              Tmut           0%         N/A       99%         5


Dungeon Overview and Level Annotations

Branches:
Dungeon (1/15)

Altars:


Innate Abilities, Weirdness & Mutations

Your plain brown scales are hard. (AC +4)
You cannot fit into any form of body armour.
You are cold-blooded and may be slowed by cold attacks.


Message History

The bat is heavily wounded.
The bat barely misses you.
You miss the bat.
The bat is heavily wounded.
The bat completely misses you. The bat barely misses you.
You hit the bat.
You kill the bat!
The giant cockroach barely misses you.
You hit the giant cockroach.
The giant cockroach is moderately wounded.
The giant cockroach misses you.
You closely miss the giant cockroach. You tail-slap the giant cockroach.
The giant cockroach is almost dead.
The giant cockroach closely misses you.
You closely miss the giant cockroach.
The giant cockroach is almost dead.
The giant cockroach closely misses you.
You closely miss the giant cockroach.
The giant cockroach is severely wounded.
The giant cockroach bites you.
You hit the giant cockroach.
You punch the giant cockroach, but do no damage.
The giant cockroach is almost dead.
The giant cockroach bites you but does no damage.
You hit the giant cockroach.
You kill the giant cockroach!
HP restored.
g - a scroll labelled ZAKUAM KEMECA
h - a bubbling grey potion
i - a smoky pink potion Memorise Ensorcelled Hibernation, consuming 2 spell levels and leaving 3?
You start memorising the spell.
You continue memorising. x2
You finish memorising.
Spell assigned to 'a'.
Okay, then.
Unknown command.
Welcome back, Spionbil2 the Draconian Enchanter.
Press ? for a list of commands and other information.
Okay, then.
Are you sure you want to abandon this character and quit the game? (Confirm with "yes".)

#................
#.. #.#
####.......). #..
#.# #.##.##### ##...
#.#### #.##.#
.....###....###.##.#
#...............##.#
..............####.#
...................#
####@......######
##.....## ##...##
#####


There were no monsters in sight!

Vanquished Creatures
  A bat (D:1)
  An endoplasm (D:1)
  3 giant cockroaches (D:1)
  2 goblins (D:1)
  A hobgoblin (D:1)
  2 kobolds (D:1)
  2 ball pythons (D:1)
12 creatures vanquished.

Notes
Turn   | Place    | Note
-------+----------+-------------------------------------------
     0 | D:1      | Spionbil2 the Draconian Enchanter began the quest for the
                  | Orb.
     0 | D:1      | Reached XP level 1. HP: 14/14 MP: 3/3
   359 | D:1      | Reached XP level 2. HP: 20/20 MP: 5/5
   477 | D:1      | Learned a level 2 spell: Ensorcelled Hibernation
   477 | D:1      | Quit the game

Illustrated notes

Levels and vault maps discovered:
D:1:      minmay_arrival_wavy_path, layout_loops_ring

Action                     || total
---------------------------++-------
  Melee: Dagger            ||    36
         Tailslap          ||     2
         Punch             ||     2
   Stab: Sleeping          ||     2
 Armour: Skin              ||     8
  Dodge: Dodged            ||    24
